 Dungeon Crawl Stone Soup version 0.26-a0-812-g31a745ddcd (webtiles) character file.

Game seed: 14073406418017275271

5538 night the Magician (level 10, -1/74 HPs)
             Began as a Gnoll Fire Elementalist on Nov 26, 2020.
             Was an Initiate of Gozag.
             Slain by Urug
             ... wielding a +4 vorpal scimitar
              (14 damage)
             ... on level 10 of the Dungeon on Nov 30, 2020.
             The game lasted 00:42:04 (11768 turns).

night the Magician (Gnoll Fire Elementalist)       Turns: 11768, Time: 00:42:05

Health: -1/74      AC:  7    Str: 16      XL:     10   Next: 71%
Magic:  9/21       EV: 16    Int: 25 (26) God:    Gozag
Gold:   458        SH:  0    Dex: 12      Spells: 14/24 levels left

rFire    + . .     SeeInvis .   F - +7 dagger "Tohiliet" {vorpal, MR++ Str+5 Dex-4}
rCold    . . .     Faith    .   (no shield)
rNeg     . . .     Spirit   .   a - +0 robe
rPois    +         Reflect  .   (no helmet)
rElec    .         Harm     .   f - +1 cloak {rPois}
rCorr    .         Rampage  .   (no gloves)
MR       ++...                  I - +1 pair of boots of Hubris {+Blink rPois rF+}
Stlth    +++.......             o - amulet of the acrobat
HPRegen  0.22/turn              J - +6 ring of intelligence
MPRegen  0.17/turn              E - ring of wizardry

@: gold aura
A: distributed training, fangs 1, strong nose
a: Potion Petition, Call Merchant, Bribe Branch, Renounce Religion, Evoke Blink


You were on level 10 of the Dungeon.
You worshipped Gozag.
Gozag was aware of your devotion.
You visited 2 branches of the dungeon, and saw 11 of its levels.

You collected 1200 gold pieces.
You spent 595 gold pieces at shops.
You paid 147 gold pieces to Gozag.

Inventory:

Hand Weapons
 e - a +0 dagger
 m - a +2 morningstar of protection
 q - a +2 vorpal trident
 F - the +7 dagger "Tohiliet" (weapon) {vorpal, MR++ Str+5 Dex-4}
   (You found it on level 7 of the Dungeon)

   It inflicts extra damage upon your enemies.
   It affects your strength (+5).
   It affects your dexterity (-4).
   It affects your resistance to hostile enchantments.
Missiles
 i - 18 boomerangs (quivered)
 s - 50 poisoned darts
Armour
 a - a +0 robe (worn)
 b - a +0 pair of boots
 f - a +1 cloak of poison resistance (worn)
 I - the +1 pair of boots of Hubris (worn) {+Blink rPois rF+}
   (You acquired it on level 9 of the Dungeon)

   It protects you from fire.
   It protects you from poison.
   It lets you blink.
Jewellery
 o - an amulet of the acrobat (around neck)
 C - an uncursed ring of protection from cold
 E - a ring of wizardry (right hand)
 H - an uncursed amulet of guardian spirit
 J - a +6 ring of intelligence (left hand)
Wands
 t - a wand of polymorph (27)
 y - a wand of enslavement (8)
 D - a wand of digging (7)
 G - a wand of paralysis (16)
 K - a wand of iceblast (5)
Scrolls
 c - 4 scrolls of amnesia
 d - 2 scrolls of blinking
 g - 3 scrolls of fear
 h - 5 scrolls of remove curse
 j - 2 scrolls of teleportation
 k - a scroll of fog
 l - 3 scrolls of noise
 x - 4 scrolls of identify
 B - 3 scrolls of enchant armour
Potions
 r - 4 potions of attraction
 u - a potion of brilliance
 v - a potion of lignification
 w - 2 potions of heal wounds {unknown}
 z - 4 potions of might
 A - a potion of mutation {unknown}
 L - a potion of flight {unknown}


   Skills:
 + Level 5.5 Fighting
 + Level 5.5 Short Blades
 + Level 5.5 Long Blades
 + Level 5.5 Axes
 + Level 5.5 Maces & Flails
 + Level 5.5 Polearms
 + Level 5.5 Staves
 + Level 5.5 Slings
 + Level 5.5 Bows
 + Level 5.5 Crossbows
 + Level 5.5 Throwing
 + Level 5.5 Armour
 + Level 7.2 Dodging
 + Level 7.0 Stealth
 + Level 5.5 Shields
 + Level 5.5 Unarmed Combat
 + Level 7.5 Spellcasting
 + Level 5.1 Conjurations
 + Level 4.5 Hexes
 + Level 4.5 Summonings
 + Level 4.5 Necromancy
 + Level 4.5 Translocations
 + Level 4.5 Transmutations
 + Level 7.2 Fire Magic
 + Level 4.5 Ice Magic
 + Level 4.5 Air Magic
 + Level 4.5 Earth Magic
 + Level 4.5 Poison Magic
 + Level 6.1 Invocations
 + Level 5.5 Evocations


You had 14 spell levels left.
You knew the following spells:

 Your Spells              Type           Power        Failure   Level
a - Foxfire               Conj/Fire      ####         1%          1
b - Sticky Flame          Conj/Fire      #####...     1%          4
c - Fireball              Conj/Fire      #####.....   6%          5

Your spell library contained the following spells:

 Spells                   Type           Power        Failure   Level
 Confusing Touch          Hex            ####....     1%          3
 Conjure Flame            Conj/Fire      #####...     1%          3
 Gell's Gravitas          Tloc           ####......   1%          3
 Inner Flame              Hex/Fire       #####...     1%          3
 Petrify                  Tmut/Erth      ####....     4%          4
 Metabolic Englaciation   Hex/Ice        ####......   11%         5
 Yara's Violent Unravell  Hex/Tmut       ####......   11%         5


Dungeon Overview and Level Annotations

Branches:
Dungeon (10/15)            Temple (1/1) D:7            Lair (0/6) D:9
    Orc: D:9-12

Altars:
Ashenzari
Cheibriados
Dithmenos
Elyvilon
Fedhas
Gozag
Hepliaklqana
Kikubaaqudgha
Makhleb
Nemelex Xobeh
Okawaru
Qazlal
Ru
Sif Muna
Trog
Uskayaw
Vehumet
Wu Jian
Xom
Yredelemnul
Zin
The Shining One

Shops:
D:9 ?

Annotations:
D:9 1 transporter, ra1n577's ghost, novice DDFi
D:10 Urug


Innate Abilities, Weirdness & Mutations

Your experience applies equally to all skills.
You have very sharp teeth.
Your uncanny sense of smell can sniff out nearby items.


Message History

Urug hits you with a +4 vorpal scimitar.
* * * LOW HITPOINT WARNING * * *
x2 It was a potion of lignification.
You turn into a tree.
Your +1 cloak of poison resistance melds into your body.
The +1 pair of boots of Hubris {+Blink rPois rF+} melds into your body.
Your +0 robe melds into your body.
You no longer feel resistant to poison.
Your roots penetrate the ground.
Urug burns!
Urug hits you with a +4 vorpal scimitar.
* * * LOW HITPOINT WARNING * * *
x2 It was a potion of cancellation.
Your magical effects are unravelling.
You feel magically purged.
You feel less wooden.
Your +1 cloak of poison resistance unmelds from your body.
The +1 pair of boots of Hubris {+Blink rPois rF+} unmelds from your body.
Your +0 robe unmelds from your body.
You feel resistant to poison.
Urug burns!
You feel better.
Urug burns!
Urug hits you with a +4 vorpal scimitar!
You die...
Your body crumbles into a pile of gold.

∆ #### #..
#####+#o#
#......@#
#.......#
#...?.$.#
#.......#
#####+#$#
.######.#.#
........#(#### #
........#....#.#
........####.#.#


You could see Urug (burning).

Vanquished Creatures
  2 death yaks (D:9)
  An unseen horror (D:10)
  A troll (D:10)
  3 yaks (D:9)
  A vampire (D:9)
  Menkaure (D:7)
  3 orc warriors
  A water moccasin (D:8)
  A phantom (D:6)
  A black bear (D:6)
  2 ogres
  2 necrophages
  2 centaurs
  3 bullfrogs
  A water moccasin zombie (D:7)
  3 scorpions
  9 howler monkeys
  7 wights
  A quasit (D:9)
  3 bullfrog zombies
  2 orc priests
  Crazy Yiuf (D:4)
  3 hounds
  A jelly (D:10)
  A centaur skeleton (D:8)
  Ijyb (D:4)
  2 iguanas
  6 orc wizards
  4 worker ants
  3 gnolls (D:7)
  15 adders
  2 shadow imps
  2 white imps
  5 ufetubi
  2 adder zombies (D:5)
  The ghost of Enish the Sneak, a weakling OpDe (D:6)
  2 worms
  8 leopard geckos
  41 orcs
  5 giant cockroaches
  8 goblins
  6 hobgoblins
  15 jackals
  6 quokkas
  A ball python (D:3)
  A ball python skeleton (D:4)
  5 bats
  7 frilled lizards
  8 kobolds
  A leopard gecko skeleton (D:5)
  A leopard gecko zombie (D:5)
  A quokka skeleton (D:7)
  A quokka zombie (D:7)
  16 rats
232 creatures vanquished.

Vanquished Creatures (others)
  An ice beast (D:9)
  A jelly (D:9)
  3 orcs (D:9)
  460 foxfires
465 creatures vanquished.

Grand Total: 697 creatures vanquished

Notes
Turn   | Place    | Note
-------+----------+-------------------------------------------
     0 | D:1      | night the Gnoll Fire Elementalist began the quest for the
                  | Orb.
     0 | D:1      | Reached XP level 1. HP: 13/13 MP: 6/6
   114 | D:1      | Reached skill level 2 in Conjurations
   222 | D:1      | Reached XP level 2. HP: 19/19 MP: 5/7
   912 | D:2      | Found a basalt altar of Yredelemnul.
   929 | D:2      | Reached XP level 3. HP: 25/25 MP: 3/9
   984 | D:2      | Reached skill level 5 in Spellcasting
  1092 | D:2      | Reached skill level 1 in Invocations
  1298 | D:2      | Reached skill level 1 in Fighting
  1298 | D:2      | Reached skill level 1 in Short Blades
  1298 | D:2      | Reached skill level 1 in Long Blades
  1298 | D:2      | Reached skill level 1 in Axes
  1298 | D:2      | Reached skill level 1 in Maces & Flails
  1298 | D:2      | Reached skill level 1 in Polearms
  1298 | D:2      | Reached skill level 1 in Staves
  1298 | D:2      | Reached skill level 1 in Slings
  1298 | D:2      | Reached skill level 1 in Bows
  1298 | D:2      | Reached skill level 1 in Crossbows
  1298 | D:2      | Reached skill level 1 in Throwing
  1298 | D:2      | Reached skill level 1 in Armour
  1298 | D:2      | Reached skill level 1 in Shields
  1298 | D:2      | Reached skill level 1 in Unarmed Combat
  1298 | D:2      | Reached skill level 1 in Evocations
  1324 | D:2      | Reached XP level 4. HP: 32/32 MP: 8/11
  2114 | D:3      | Found a sparkling altar of Nemelex Xobeh.
  2124 | D:3      | Reached skill level 1 in Hexes
  2124 | D:3      | Reached skill level 1 in Summonings
  2124 | D:3      | Reached skill level 1 in Necromancy
  2124 | D:3      | Reached skill level 1 in Translocations
  2124 | D:3      | Reached skill level 1 in Transmutations
  2124 | D:3      | Reached skill level 1 in Ice Magic
  2124 | D:3      | Reached skill level 1 in Air Magic
  2124 | D:3      | Reached skill level 1 in Earth Magic
  2124 | D:3      | Reached skill level 1 in Poison Magic
  2338 | D:3      | Reached XP level 5. HP: 15/37 MP: 7/12
  2614 | D:3      | Noticed an ogre
  2622 | D:3      | Killed an ogre
  2622 | D:3      | Reached XP level 6. HP: 44/44 MP: 7/13
  2684 | D:3      | Reached skill level 2 in Invocations
  3507 | D:3      | Reached skill level 2 in Fighting
  3507 | D:3      | Reached skill level 2 in Short Blades
  3507 | D:3      | Reached skill level 2 in Long Blades
  3507 | D:3      | Reached skill level 2 in Axes
  3507 | D:3      | Reached skill level 2 in Maces & Flails
  3507 | D:3      | Reached skill level 2 in Polearms
  3507 | D:3      | Reached skill level 2 in Staves
  3507 | D:3      | Reached skill level 2 in Slings
  3507 | D:3      | Reached skill level 2 in Bows
  3507 | D:3      | Reached skill level 2 in Crossbows
  3507 | D:3      | Reached skill level 2 in Throwing
  3507 | D:3      | Reached skill level 2 in Armour
  3507 | D:3      | Reached skill level 5 in Dodging
  3507 | D:3      | Reached skill level 2 in Shields
  3507 | D:3      | Reached skill level 2 in Unarmed Combat
  3507 | D:3      | Reached skill level 2 in Evocations
  3724 | D:3      | Learned a level 4 spell: Sticky Flame
  3730 | D:3      | Learned a level 5 spell: Fireball
  3843 | D:4      | Noticed Ijyb
  3877 | D:4      | Killed Ijyb
  4211 | D:3      | Reached XP level 7. HP: 27/50 MP: 7/15
  4494 | D:3      | Found an ancient bone altar of Kikubaaqudgha.
  4597 | D:4      | Found a hide-covered altar of Uskayaw.
  4860 | D:4      | Found a runed translucent door.
  4861 | D:4      | Noticed Crazy Yiuf
  4870 | D:4      | Killed Crazy Yiuf
  5002 | D:5      | Entered Level 5 of the Dungeon
  5103 | D:5      | Found a snail-covered altar of Cheibriados.
  5213 | D:5      | Reached skill level 2 in Hexes
  5213 | D:5      | Reached skill level 2 in Summonings
  5213 | D:5      | Reached skill level 2 in Necromancy
  5213 | D:5      | Reached skill level 2 in Translocations
  5213 | D:5      | Reached skill level 2 in Transmutations
  5213 | D:5      | Reached skill level 2 in Ice Magic
  5213 | D:5      | Reached skill level 2 in Air Magic
  5213 | D:5      | Reached skill level 2 in Earth Magic
  5213 | D:5      | Reached skill level 2 in Poison Magic
  5236 | D:5      | Reached skill level 5 in Stealth
  5795 | D:6      | Found a runed translucent door.
  5800 | D:6      | Noticed Enish's ghost (weakling OpDe)
  5808 | D:6      | Reached XP level 8. HP: 55/57 MP: 10/16
  5811 | D:6      | Killed Enish's ghost
  6103 | D:6      | Found an iron altar of Okawaru.
  6675 | D:7      | Found a staircase to the Ecumenical Temple.
  6705 | Temple   | Entered the Ecumenical Temple
  6890 | Temple   | Became a worshipper of Gozag Ym Sagoz the Greedy
  7117 | D:7      | Noticed Menkaure
  7269 | D:7      | Killed Menkaure
  7526 | D:7      | Reached XP level 9. HP: 62/65 MP: 15/18
  7935 | D:7      | Got a jewelled dagger
  7935 | D:7      | Identified the +7 dagger "Tohiliet" {vorpal, MR++ Str+5
                  | Dex-4} (You found it on level 7 of the Dungeon)
  7978 | D:7      | Found a shimmering altar of Xom.
  9683 | D:9      | Found Piusaytz's Magic Scroll Boutique.
  9692 | D:9      | Bought a scroll of acquirement for 520 gold pieces
  9692 | D:9      | Bought a scroll of blinking for 75 gold pieces
  9692 | D:9      | Acquired the +1 pair of boots of Hubris {+Blink rPois rF+}
  9908 | D:9      | Reached skill level 5 in Invocations
 10013 | D:9      | Found a hazy altar of Hepliaklqana.
 10220 | D:9      | Reached XP level 10. HP: 37/72 MP: 0/20
 10468 | D:9      | Noticed a death yak
 10468 | D:9      | Noticed a death yak
 10595 | D:9      | Killed a death yak
 10595 | D:9      | Reached skill level 5 in Fighting
 10595 | D:9      | Reached skill level 5 in Short Blades
 10595 | D:9      | Reached skill level 5 in Long Blades
 10595 | D:9      | Reached skill level 5 in Axes
 10595 | D:9      | Reached skill level 5 in Maces & Flails
 10595 | D:9      | Reached skill level 5 in Polearms
 10595 | D:9      | Reached skill level 5 in Staves
 10595 | D:9      | Reached skill level 5 in Slings
 10595 | D:9      | Reached skill level 5 in Bows
 10595 | D:9      | Reached skill level 5 in Crossbows
 10595 | D:9      | Reached skill level 5 in Throwing
 10595 | D:9      | Reached skill level 5 in Armour
 10595 | D:9      | Reached skill level 5 in Shields
 10595 | D:9      | Reached skill level 5 in Unarmed Combat
 10595 | D:9      | Reached skill level 5 in Evocations
 10804 | D:9      | Noticed a death yak
 10805 | D:9      | Noticed a death yak
 10810 | D:9      | Noticed a death yak
 10826 | D:9      | Noticed a death yak
 10854 | D:9      | Noticed a death yak
 10978 | D:9      | Killed a death yak
 11259 | D:9      | Found a transporter.
 11259 | D:9      | Found a staircase to the Lair.
 11261 | D:9      | Noticed ra1n577's ghost (novice DDFi)
 11264 | D:9      | Found a transporter.
 11543 | D:10     | Entered Level 10 of the Dungeon
 11612 | D:10     | Reached skill level 5 in Conjurations
 11675 | D:10     | Noticed an unseen horror
 11682 | D:10     | Killed an unseen horror
 11754 | D:10     | Noticed Urug
 11765 | D:10     | HP: 8/74 [Urug/+4 vorpal scimitar (5)]
 11766 | D:10     | HP: 3/111 [Urug/+4 vorpal scimitar (1)]
 11768 | D:10     | Slain by Urug

Illustrated notes

Levels and vault maps discovered:
D:1:      erik_arrival_orb_chamber, layout_basic, hangedman_feature_mirror
D:2:      layout_loops_ring, yredelemnul_altar_generic
D:3:      minmay_chambers_of_twos, layout_basic, nicolae_overflow_hidden_temple,
          nicolae_overflow_crystal_walls, wad_orctagon
D:4:      layout_loops_cross, eat_drink_and_be_merry_uskayaw, corexii_shack,
          uniq_crazy_yiuf_cottage, uniq_ijyb
D:5:      layout_rooms, lemuel_doored_altar
D:6:      layout_layer_cave, ebering_ghost_sewer_d, okawaru_trees_1
D:7:      layout_loops_ring, temple_pool_b, tgw_xom, uniq_menkaure
D:8:      layout_basic, minivault_5, minmay_misc_feat_encased
D:9:      gammafunk_wand_slinger, layout_basic, kennysheep_mini_moat,
          dpeg_lair_monsters, gammafunk_ghost_stat_death, serial_shops,
          nicolae_shop_trees, lemuel_flamethrower_2
D:10:     layout_basic, serial_shops, nicolae_shop_statue_plus, uniq_urug
Temple:   eino_temple_scatter_basement

Skill      XL: |  1  2  3  4  5  6  7  8  9 10 |
---------------+-------------------------------+-----
Conjurations   | 2 3 4 5 |  5.1
Spellcasting   | 5 6 7 |  7.5
Invocations    | 1 2 3 4 5 6 |  6.1
Fighting       | 1 2 3 4 5 |  5.5
Short Blades   | 1 2 3 4 5 |  5.5
Long Blades    | 1 2 3 4 5 |  5.5
Axes           | 1 2 3 4 5 |  5.5
Maces & Flails | 1 2 3 4 5 |  5.5
Polearms       | 1 2 3 4 5 |  5.5
Staves         | 1 2 3 4 5 |  5.5
Slings         | 1 2 3 4 5 |  5.5
Bows           | 1 2 3 4 5 |  5.5
Crossbows      | 1 2 3 4 5 |  5.5
Throwing       | 1 2 3 4 5 |  5.5
Armour         | 1 2 3 4 5 |  5.5
Shields        | 1 2 3 4 5 |  5.5
Unarmed Combat | 1 2 3 4 5 |  5.5
Evocations     | 1 2 3 4 5 |  5.5
Hexes          | 1 2 3 4 |  4.5
Summonings     | 1 2 3 4 |  4.5
Necromancy     | 1 2 3 4 |  4.5
Translocations | 1 2 3 4 |  4.5
Transmutations | 1 2 3 4 |  4.5
Ice Magic      | 1 2 3 4 |  4.5
Air Magic      | 1 2 3 4 |  4.5
Earth Magic    | 1 2 3 4 |  4.5
Poison Magic   | 1 2 3 4 |  4.5
Dodging        | 5 6 7 |  7.2
Stealth        | 5 6 7 |  7.0
Fire Magic     | 6 7 |  7.2

Action                   |  1- 3 |  4- 6 |  7- 9 | 10-12 || total
-------------------------+-------+-------+-------+-------++-------
Melee: Unarmed           |     1 |       |       |       ||     1
       Dagger            |    10 |     2 |    82 |    43 ||   137
       Trident           |       |    69 |       |       ||    69
       Bite              |       |     4 |    10 |     7 ||    21
       Morningstar       |       |       |    74 |       ||    74
       Punch             |       |       |     3 |       ||     3
Throw: Boomerang         |       |     2 |       |       ||     2
 Cast: Foxfire           |    45 |    97 |   130 |     1 ||   273
       Sticky Flame      |       |     3 |    18 |    15 ||    36
       Fireball          |       |       |     7 |     6 ||    13
Evoke: Wand              |       |       |       |     2 ||     2
  Use: Scroll            |       |     5 |    11 |     4 ||    20
       Potion            |       |       |       |     5 ||     5
 Stab: Sleeping          |     3 |     7 |     6 |     2 ||    18
       Distracted        |       |       |     1 |     1 ||     2
Armor: Robe              |    18 |    34 |    33 |    24 ||   109
Dodge: Dodged            |    44 |   116 |   212 |    75 ||   447

Table legend: (Time is in decaauts)
 A = Elapsed time spent in this place.
 B = Non-inter-level travel time spent in this place.
 C = Inter-level travel time spent in this place.
 D = Time resting spent in this place.
 E = Time spent auto-exploring this place.
 F = Levels seen in this place.
 G = Mean time per level.
                   A        B        C        D        E       F      G
               +--------+--------+--------+--------+--------+-----+--------+
         Total |  11807 |  11298 |    509 |   3156 |   5562 |  11 | 1073.4 |
       Dungeon |  11608 |  11117 |    491 |   3156 |   5383 |  10 | 1160.8 |
        Temple |    198 |    180 |     18 |      0 |    179 |   1 |  198.0 |
               +--------+--------+--------+--------+--------+-----+--------+

Top non-repeatable levels by time:
     D:3: 2087 daAuts
     D:9: 1656 daAuts
     D:8: 1536 daAuts
     D:6: 1331 daAuts
     D:7: 1220 daAuts
     D:4: 1051 daAuts
     D:2: 993 daAuts
     D:1: 945 daAuts
     D:5: 563 daAuts
    D:10: 221 daAuts
  Temple: 198 daAuts
